 Dungeon Crawl Stone Soup version 0.24-a0-512-g2b48af375b (webtiles) character file.

Game seed: 13827386829355316792

161 Gynju the Shooter (level 5, -8/45 HPs)
             Began as a Centaur Hunter on July 20, 2019.
             Killed from afar by an orc wizard (10 damage)
             ... with a puff of frost
             ... on level 3 of the Dungeon.
             The game lasted 00:02:59 (2973 turns).

Gynju the Shooter (Centaur Hunter)                  Turns: 2973, Time: 00:02:59

Health: -8/45      AC:  6    Str: 15    XL:     5   Next: 19%
Magic:  5/5        EV:  9    Int: 10    God:
Gold:   152        SH:  0    Dex: 10    Spells: 4/4 levels left

rFire    . . .     SeeInvis .   b - +0 short sword
rCold    . . .     Gourm    .   (no shield)
rNeg     . . .     Faith    .   h - +0 ring mail (curse)
rPois    .         Spirit   .   (no helmet)
rElec    .         Reflect  .   (no cloak)
rCorr    .         Harm     .   e - +0 pair of gloves
MR       .....                  (no barding)
Stlth    +.........             (no amulet)
HPRegen  0.15/turn              (no ring)
MPRegen  0.09/turn              (no ring)

@: very quick
A: large, hooves 3, deformed body, speed 2, tough skin 3
a: no special abilities


You were on level 3 of the Dungeon.
You were not hungry.

You visited 1 branch of the dungeon, and saw 3 of its levels.

You collected 152 gold pieces.

Inventory:

Hand Weapons
 a - a +1 shortbow
 b - a +0 short sword (weapon)
Missiles
 d - 31 arrows
Armour
 e - a +0 pair of gloves (worn)
 h - a cursed +0 ring mail (worn)
Scrolls
 c - 4 scrolls of identify {unknown}
 g - a scroll of fog {unknown}
 k - a scroll of fear {unknown}
 m - a scroll of amnesia {unknown}
Potions
 i - a potion of degeneration {unknown}
 l - a potion of berserk rage {unknown}
 n - a potion of haste {unknown}
 o - a potion of brilliance {unknown}
Comestibles
 f - 5 rations
 j - a chunk of flesh


   Skills:
 + Level 3.2 Fighting
 + Level 6.3 Bows
 + Level 2.3 Dodging
 + Level 1.5 Stealth


You had 4 spell levels left.
You didn't know any spells.
Your spell library was empty.

Dungeon Overview and Level Annotations

Branches:
Dungeon (3/15)

Altars:


Innate Abilities, Weirdness & Mutations

You have hooves in place of feet.
Armour fits poorly on your strangely shaped body.
You cover ground very quickly.
You have extremely tough skin. (AC +3)


Message History

You are too injured to fight recklessly!
You are too injured to fight recklessly!
You are too injured to fight recklessly!
You feel sick. The orc wizard casts a spell at you.
The magic dart hits you but does no damage. 2 orcs come into view.
You feel sick.
The orc shouts! x2
The orc wizard points at you and mumbles some strange words.
The puff of frost hits you.
* * * LOW HITPOINT WARNING * * *
The orc wizard gestures at you while chanting.
The puff of flame hits you!
* * * LOW HITPOINT WARNING * * *
You feel sick.
You are no longer poisoned.
The orc wizard points at you and mumbles some strange words.
The puff of frost hits you!
You die...

# #.........######.....###.... #
#.........# #..o#..oo...# #
#.........# #.o.#####o... #
#.........# ##...#####.... ##
##.......## ##o.....#..o... .#
##.....## ##.......o.o†.o# .##
.##### ##.......o....... ..#
#.#...###........#..#.... #.#
####..#.....@.....##.##.....g
#.###....##.......##......###....
#....(..# #.....#####.##.........
##.##...###....######.# ....###.
#...#..................
#...#...###...#####.####
#...###.###.÷........##
......####............##
.......##.........)....#


You could see an orc wizard and 2 orcs.

Vanquished Creatures
  An orc wizard (D:3)
  3 adders
  2 oozes (D:2)
  An adder zombie (D:2)
  3 worms
  3 dart slugs (D:1)
  A leopard gecko (D:2)
  2 ball pythons
  4 giant cockroaches
  8 goblins
  6 hobgoblins
  6 jackals
  4 kobolds
  2 quokkas (D:2)
  9 bats
  5 frilled lizards
  30 rats
90 creatures vanquished.

Notes
Turn   | Place    | Note
-------+----------+-------------------------------------------
     0 | D:1      | Gynju the Centaur Hunter began the quest for the Orb.
     0 | D:1      | Reached XP level 1. HP: 17/17 MP: 1/1
   373 | D:1      | Reached XP level 2. HP: 24/24 MP: 2/2
   527 | D:1      | Reached skill level 1 in Stealth
   819 | D:1      | Reached XP level 3. HP: 28/30 MP: 3/3
  1635 | D:2      | Reached XP level 4. HP: 37/37 MP: 4/4
  2079 | D:2      | Reached skill level 6 in Bows
  2786 | D:3      | Reached XP level 5. HP: 44/45 MP: 5/5
  2973 | D:3      | HP: 2/45 [poisoned by an adder]
  2973 | D:3      | Killed from afar by an orc wizard

Levels and vault maps discovered:
D:1:      dpeg_arrival_subterranean_lakeside_camping, layout_basic,
          minmay_misc_feat_tower, chequers_jeans
D:2:      layout_basic, minmay_rat_hole
D:3:      layout_rooms, tgw_sif, uniq_crazy_yiuf_cottage, uniq_natasha

Skill      XL: |  1  2  3  4 |
---------------+-------------+-----
Stealth        | 1 |  1.5
Dodging        | 2 |  2.3
Bows           | 6 |  6.3
Fighting       | 3 |  3.2

Action                   |  1- 3 |  4- 6 || total
-------------------------+-------+-------++-------
Melee: Short sword       |   128 |   140 ||   268
       Kick              |    21 |    26 ||    47
 Fire: Shortbow          |     6 |    10 ||    16
  Eat: Chunk             |     2 |     4 ||     6
Armor: Leather armour    |    31 |       ||    31
       Ring mail         |    24 |    91 ||   115
Dodge: Dodged            |    57 |    97 ||   154

Table legend:
 A = Non-vault XP
 B = Vault XP
 C = Vault XP percentage of total XP
 D = Non-vault monster count
 E = Vault monster count
 F = Vault count percentage of total count
                 A         B        C        D         E       F
            +---------+---------+-------+---------+---------+-------
      Total |     162 |      69 |  29.9 |      64 |      26 |  28.9
            +---------+---------+-------+---------+---------+-------
        D:1 |      43 |       9 |  17.3 |      26 |       6 |  18.8
        D:2 |      71 |      20 |  22.0 |      24 |      19 |  44.2
        D:3 |      48 |      40 |  45.5 |      14 |       1 |   6.7
            +---------+---------+-------+---------+---------+-------
